 Dungeon Crawl Stone Soup version 0.30-a0-672-gc3a7216ad8 (webtiles) character file.

Game seed: 8610872642791640747

19229 funkygono the Arsonist (level 12, -16/78 HPs)
             Began as a Demonspawn Fire Elementalist on Jan 18, 2023.
             Was a Believer of Vehumet.
             Killed from afar by a rime drake (20 damage)
             ... with an icy flash freeze
             ... on level 5 of the Lair of Beasts.
             The game lasted 00:24:02 (12301 turns).

funkygono the Arsonist (DsFE)                      Turns: 12301, Time: 00:24:03

Health: -16/78     AC:  9    Str: 10    XL:     12   Next: 34%
Magic:  28/28      EV: 12    Int: 21    God:    Vehumet [**....]
Gold:   681        SH:  4    Dex: 13    Spells: 19/35 levels left

rFire   . . .      SeeInvis .    q - +1 long sword (protect)
rCold   . . .      Faith    .    (no shield)
rNeg    . . .      Spirit   .    L - +2 leather armour
rPois   .          Reflect  .    (helmet restricted)
rElec   .          Harm     .    (no cloak)
rCorr   .          Rampage  .    (gloves unavailable)
Will    .....                    (no boots)
Stlth   ++                       c - amulet of magic regeneration
HPRegen 0.33/turn                (no ring)
MPRegen 0.61/turn                (no ring)

@: invisible
A: claws 3, horns 2, icemail 1, spiny 1, condensation shield
a: Renounce Religion


You were on level 5 of the Lair of Beasts.
You worshipped Vehumet.
Vehumet was pleased with you.
You visited 3 branches of the dungeon, and saw 15 of its levels.

You collected 681 gold pieces.

Inventory:

Hand Weapons
 g - a +0 whip
 q - a +1 long sword of protection (weapon)
 x - a +0 falchion
 C - a +2 whip of electrocution
 K - a +3 whip
Missiles
 M - a throwing net
Armour
 a - a +0 robe
 o - +0 pearl dragon scales
 A - a +0 pair of gloves
 L - a +2 leather armour (worn)
Magical Staves
 y - a staff of cold
Jewellery
 c - an amulet of magic regeneration (around neck)
Wands
 m - a wand of polymorph (2)
 p - a wand of flame (64)
 G - a wand of acid (8)
 N - a wand of paralysis (20)
Scrolls
 b - 3 scrolls of amnesia
 j - 3 scrolls of identify
 k - 2 scrolls of silence
 n - 4 scrolls of poison
 s - a scroll of fog
 w - 8 scrolls of teleportation
 B - a scroll of brand weapon
 J - a scroll of acquirement
Potions
 d - 3 potions of resistance
 e - 5 potions of berserk rage
 f - 3 potions of brilliance
 h - 5 potions of lignification
 i - 4 potions of haste
 l - 3 potions of attraction
 r - a potion of cancellation
 v - 4 potions of curing
 z - 3 potions of mutation
 F - a potion of ambrosia {unknown}


   Skills:
 + Level 2.1 Fighting
 + Level 1.3 Long Blades
 + Level 3.4 Armour
 + Level 3.2 Dodging
 - Level 1.7 Stealth
 + Level 1.8 Shields
 + Level 12.0 Spellcasting
 + Level 7.6 Conjurations
 + Level 12.1 Fire Magic


You had 19 spell levels left.
You knew the following spells:

 Your Spells              Type           Power      Damage    Failure   Level
a - Foxfire               Conj/Fire      100%       2x1d9     1%          1
b - Scorch                Fire           100%       2d10      1%          2
c - Flame Wave            Conj/Fire      52%        2d13      1%          4
d - Magic Dart            Conj           100%       1d8       1%          1
e - Fireball              Conj/Fire      26%        3d12      3%          5
f - Shock                 Conj/Air       100%       1d9       1%          1
g - Momentum Strike       Conj/Tloc      56%        3d9       2%          2

Your spell library contained the following spells:

 Spells                   Type           Power      Damage    Failure   Level
 Hailstorm                Conj/Ice       28%        3d8       4%          3
 Inner Flame              Hex/Fire       38%        N/A       1%          3
 Kindle Blastsparks       Fire/Tloc/Air  58%        2d14      4%          3
 Slow                     Hex            48%        N/A       7%          1
 Mephitic Cloud           Conj/Pois/Air  23%        N/A       8%          3
 Iskenderun's Battlesphe  Conj           44%        2d10      9%          5
 Call Imp                 Summ           12%        N/A       11%         2
 Sublimation of Blood     Necr           12%        N/A       11%         2
 Confusing Touch          Hex            12%        N/A       21%         3
 Gell's Gravitas          Tloc           12%        N/A       21%         3
 Teleport Other           Tloc           12%        N/A       21%         3
 Vampiric Draining        Necr           12%        2d6       21%         3
 Irradiate                Conj/Tmut      14%        3d16      36%         5
 Petrify                  Tmut/Erth      12%        N/A       56%         4
 Conjure Ball Lightning   Conj/Air       14%        3x3d6     91%         6
 Orb of Destruction       Conj           22%        9d8       94%         7
 Dispersal                Tloc           6%         N/A       100%        6
 Chain Lightning          Conj/Air       14%        3d18      100%        9
 Fire Storm               Conj/Fire      26%        8d7       100%        9
 Shatter                  Erth           6%         3d9*      100%        9


Dungeon Overview and Level Annotations

Branches:
Dungeon (9/15)             Temple (1/1) D:6            Lair (4/5) D:8
 Shoals (0/4) Lair:2        Snake (0/4) Lair:3
  Slime: Lair:4-5       Orc: D:9-12

Altars:
Ashenzari
Cheibriados
Dithmenos
Fedhas
Gozag
Hepliaklqana
Kikubaaqudgha
Makhleb
Nemelex Xobeh
Okawaru
Qazlal
Ru
Trog
Uskayaw
Vehumet
Wu Jian
Xom
Yredelemnul

Annotations:
Lair:2 3 runed translucent doors, Sicimago's ghost, journeyman TeDe


Innate Abilities, Weirdness & Mutations

You have claws for hands.
You have a pair of horns on your head.
A meltable icy envelope protects you from harm. (AC +4)
You are partially covered in sharp spines.
A meltable shield of frost defends you. (SH +4)


Message History

The boulder beetle closely misses you.
The boulder beetle stops rolling and uncurls.
You hit the boulder beetle.
You headbutt the boulder beetle, but do no damage.
The boulder beetle is lightly wounded.
The boulder beetle is struck by your spines.
The boulder beetle bites you! The boulder beetle bites you.
You completely miss the boulder beetle.
The boulder beetle is lightly wounded.
You block the boulder beetle's attack.
You hit the boulder beetle but do no damage.
You headbutt the boulder beetle.
The boulder beetle is moderately wounded.
You are no longer robbed of momentum.
The boulder beetle leaps!
A wolf comes into view.
The wolf howls!
The boulder beetle curls into a ball and begins rolling!
You see here a black mamba corpse.
You block the wolf's attack. The wolf barely misses you.
The wolf is struck by your spines. The wolf closely misses you.
The wolf is struck by your spines. The wolf bites you.
The wolf attacks as you move away! The wolf is struck by your spines.
The wolf bites you but does no damage. The boulder beetle hits you!!!
Ouch! That really hurt!
* * * LOW HITPOINT WARNING * * *
The boulder beetle stops rolling and uncurls.
The wolf is struck by your spines. The wolf misses you.
You hear an angry hiss.
You hear a roar!
The boulder beetle bites you!!
* * * LOW HITPOINT WARNING * * *
A rime drake comes into view.
Okay, then.
You fade into invisibility!
The wolf is struck by your spines.
You kill the wolf!
Vehumet accepts your kill. The rime drake breathes ice at you.
The icy flash freeze hits you!!
You die...

###### ## ##.##.###
#..####
#.....#.###### .....
..............
#.B+P# #.......k
#..# ##.P..# #.##
#..@# ##'○# #.B†#
#..°###..### .
#...†......# .
###..#....## .#
#####...###.#
#########...P..##.
.##..#P...#.........
...............)....


You could see a boulder beetle (unable to see you) and a rime drake (unable to
see you, catching breath).

Vanquished Creatures
  A hydra (Lair:3)
  A catoblepas (Lair:3)
  2 centaur warriors (D:9)
  A two-headed ogre (D:9)
  A skeletal warrior (D:9)
  A deep elf pyromancer (D:9)
  A black mamba (Lair:5)
  A water nymph (Lair:2)
  5 cane toads
  3 rime drakes
  6 komodo dragons
  A troll (D:9)
  9 blink frogs (Lair:2)
  A slime creature (D:9)
  Sigmund (D:3)
  15 yaks
  5 basilisks
  4 wyverns
  An acid dragon (D:9)
  4 nagas (Lair:3)
  An orc warrior (D:5)
  10 water moccasins
  A sky beast (D:7)
  2 ice beasts
  3 black bears
  An ogre (D:6)
  16 wolves
  6 bullfrogs
  A gnoll sergeant (D:7)
  4 scorpions
  2 killer bees (D:6)
  4 howler monkeys
  A crimson imp (D:3)
  A quasit (D:8)
  5 hounds
  3 orc priests
  A gnoll bouda (D:5)
  3 jellies
  2 iguanas
  An orc wizard (D:6)
  Ijyb (D:5)
  15 gnolls
  5 adders
  3 shadow imps
  4 white imps
  2 ufetubi (D:8)
  23 orcs
  6 ball pythons
  3 bat zombies (D:7)
  6 endoplasms
  3 giant cockroaches
  5 goblins
  4 hobgoblins
  3 jackals (D:1)
  8 kobolds
  3 quokkas
  7 bats
  7 frilled lizards
  2 goblin skeletons (D:3)
  3 goblin zombies (D:3)
  3 hobgoblin zombies (D:3)
  A kobold skeleton (D:3)
  An orc zombie (D:3)
  2 rats
  A rat zombie (D:7)
  A butterfly (Lair:3)
254 creatures vanquished.

Vanquished Creatures (collateral kills)
  13 foxfires
13 creatures vanquished.

Vanquished Creatures (others)
  2 demonic plants (D:8)
  983 foxfires
  17 fungi
  15 plants
1017 creatures vanquished.

Grand Total: 1284 creatures vanquished

Notes
Turn   | Place    | Note
-------+----------+-------------------------------------------
     0 | D:1      | funkygono the Demonspawn Fire Elementalist began the quest
                  | for the Orb.
     0 | D:1      | Reached XP level 1. HP: 13/13 MP: 3/3
   293 | D:1      | Gained mutation: A meltable shield of frost defends you.
                  | (SH +4) [demonic ancestry]
   293 | D:1      | Reached XP level 2. HP: 19/19 MP: 1/5
   566 | D:1      | Learned a level 2 spell: Scorch
   988 | D:2      | Reached XP level 3. HP: 24/24 MP: 3/6
  1073 | D:2      | Discovered your monstrous ancestry.
  1073 | D:2      | Gained mutation: You have sharp fingernails. [demonic
                  | ancestry]
  1073 | D:2      | Reached XP level 4. HP: 30/30 MP: 2/7
  1438 | D:3      | Found an ornate altar of the Wu Jian Council.
  1791 | D:3      | Gained mutation: You have very sharp fingernails. [demonic
                  | ancestry]
  1791 | D:3      | Reached XP level 5. HP: 22/35 MP: 9/9
  2037 | D:3      | Noticed Sigmund
  2043 | D:3      | Killed Sigmund
  2044 | D:3      | Reached skill level 1 in Long Blades
  2044 | D:3      | Gained mutation: You are partially covered in sharp spines.
                  | [demonic ancestry]
  2044 | D:3      | Reached XP level 6. HP: 18/42 MP: 1/11
  2232 | D:3      | Found a hazy altar of Hepliaklqana.
  3212 | D:4      | Reached skill level 5 in Fire Magic
  3212 | D:4      | Gained mutation: You have a pair of small horns on your
                  | head. [demonic ancestry]
  3212 | D:4      | Reached XP level 7. HP: 47/47 MP: 7/12
  3514 | D:4      | Found an opulent altar of Gozag.
  3524 | D:4      | Found a radiant altar of Vehumet.
  3533 | D:4      | Found a blossoming altar of Fedhas.
  3536 | D:4      | Found a sparkling altar of Nemelex Xobeh.
  3651 | D:4      | Learned a level 4 spell: Flame Wave
  3699 | D:5      | Entered Level 5 of the Dungeon
  4082 | D:5      | Found a burning altar of Makhleb.
  4124 | D:5      | Noticed Ijyb
  4131 | D:5      | Killed Ijyb
  4243 | D:5      | Reached skill level 5 in Spellcasting
  4636 | D:5      | Found an iron altar of Okawaru.
  4914 | D:5      | Gained mutation: You have a pair of horns on your head.
                  | [demonic ancestry]
  4914 | D:5      | Reached XP level 8. HP: 53/53 MP: 10/15
  4916 | D:5      | Learned a level 1 spell: Magic Dart
  4937 | D:5      | Found a bloodstained altar of Trog.
  5241 | D:6      | Found a staircase to the Ecumenical Temple.
  5280 | Temple   | Entered the Ecumenical Temple
  5550 | D:6      | Found a shimmering altar of Xom.
  5738 | D:6      | Found a snail-covered altar of Cheibriados.
  5999 | D:6      | Learned a level 5 spell: Fireball
  6129 | D:7      | Found an ancient bone altar of Kikubaaqudgha.
  6200 | D:7      | Reached XP level 9. HP: 58/58 MP: 13/19
  6922 | D:6      | Identified a scroll of acquirement
  7511 | D:8      | Found a staircase to the Lair.
  7700 | D:9      | Identified the +9 halberd of Disharmony {flame, rF+ rCorr
                  | Int-4 Stlth+}
  7890 | D:4      | Became a worshipper of Vehumet
  8104 | D:9      | Noticed a troll
  8110 | D:9      | Killed a troll
  8111 | D:9      | Reached skill level 1 in Fighting
  8111 | D:9      | Reached skill level 1 in Armour
  8133 | D:9      | Noticed a centaur warrior
  8141 | D:9      | Killed a centaur warrior
  8250 | D:9      | Noticed a deep elf pyromancer
  8260 | D:9      | Noticed a two-headed ogre
  8265 | D:9      | Killed a deep elf pyromancer
  8266 | D:9      | Reached skill level 1 in Shields
  8266 | D:9      | Reached skill level 5 in Conjurations
  8269 | D:9      | Killed a two-headed ogre
  8270 | D:9      | Gained mutation: A meltable icy envelope protects you from
                  | harm. (AC +4) [demonic ancestry]
  8270 | D:9      | Reached XP level 10. HP: 56/65 MP: 10/23
  8286 | D:9      | Noticed a centaur warrior
  8291 | D:9      | Killed a centaur warrior
  8355 | D:9      | Noticed a skeletal warrior
  8367 | D:9      | HP: 2/67 [skeletal warrior/+0 flail (24)]
  8370 | D:9      | Killed a skeletal warrior
  8377 | D:9      | Noticed a boulder beetle
  8525 | Lair:1   | Entered Level 1 of the Lair of Beasts
  8617 | D:8      | Reached * piety under Vehumet
  8617 | D:8      | Offered knowledge of Shock by Vehumet.
  8620 | D:8      | Reached skill level 10 in Spellcasting
  9013 | Lair:1   | Learned a level 1 spell: Shock
  9035 | Lair:1   | Gained mutation: You have claws for hands. [demonic
                  | ancestry]
  9035 | Lair:1   | Reached XP level 11. HP: 72/72 MP: 21/25
  9042 | Lair:1   | Reached skill level 10 in Fire Magic
 10002 | Lair:2   | Offered knowledge of Momentum Strike by Vehumet.
 10015 | Lair:2   | Reached ** piety under Vehumet
 10052 | Lair:2   | Found a runed translucent gate.
 10052 | Lair:2   | Found a runed translucent gate.
 10063 | Lair:2   | Found a runed translucent gate.
 10157 | Lair:2   | Learned a level 2 spell: Momentum Strike
 10555 | Lair:2   | Noticed a minotaur
 10561 | Lair:2   | Noticed Sicimago's ghost (journeyman TeDe)
 11056 | Lair:3   | Found a staircase to the Snake Pit.
 11059 | Lair:3   | Noticed a five-headed hydra
 11064 | Lair:3   | Killed a five-headed hydra
 11065 | Lair:3   | Reached XP level 12. HP: 78/78 MP: 8/27
 11168 | Lair:3   | Noticed a catoblepas
 11188 | Lair:3   | Killed a catoblepas
 11386 | Lair:3   | Offered knowledge of Hailstorm by Vehumet.
 12158 | Lair:4   | You fall into a shaft and drop 1 floor!
 12158 | Lair:5   | Entered Level 5 of the Lair of Beasts
 12281 | Lair:5   | Noticed a boulder beetle
 12301 | Lair:5   | Killed from afar by a rime drake

Illustrated notes

Levels and vault maps discovered:
D:1:      minmay_arrival_jagged, layout_basic, minmay_misc_feat_diagonals
D:2:      layout_rooms, minmay_quantized
D:3:      minmay_razor_zed, layout_basic, nicolae_hepliaklqana_hazy_memory,
          nzn_wu_jian_contemplation, nicolae_tso_besieged_by_evil, uniq_sigmund
D:4:      nicolae_cairo_tiling, layout_gridville,
          grunt_temple_overflow_cloverleaf
D:5:      layout_basic, mainiacjoe_overflow_brackets,
          kennysheep_okawaru_gauntlet, trog_ov_bears_minmay, uniq_ijyb
D:6:      layout_rooms, mainiacjoe_overflow_surrounded_room,
          mainiacjoe_overflow_six_doors_small, minmay_temple_entry_antechambers
D:7:      layout_loops_cross, lemuel_zombie_altar_kikubaaqudgha
D:8:      layout_gridville, lair_entry_dummy, serial_demonic, serial_demonic_a,
          serial_demonic_b, serial_demonic_g, serial_demonic_e,
          serial_demonic_a, serial_demonic_b
D:9:      minmay_cut_squares, layout_loops_ring, kennysheep_generic_room_15
Temple:   nicolae_temple_ecumenical_triangle
Lair:1:   layout_hall_layers
Lair:2:   layout_roguey, nicolae_shoals_entry_flooding,
          maelrawn_ghost_gauntlet_escape, chequers_serial_rivers_micro_c,
          st_stairs_12
Lair:3:   layout_loops_ring, minmay_snake_entry_guardpost_small,
          infiniplex_staircase_pool_2, grunt_megastairs_3, lemuel_fruit_fields
Lair:4:   layout_roguey, basic_altar, minmay_lindwurm_lava, lemuel_fruit_fields
Lair:5:   grunt_lair_end_beastmaster, layout_regular_city, slime_entry_1,
          lookout_lair_type, lemuel_fruit_tree

Skill      XL: |  1  2  3  4  5  6  7  8  9 10 11 12 |
---------------+-------------------------------------+-----
Fire Magic     | 3 4 5 6 7 8 9 11 12 | 12.1
Spellcasting   | 3 5 7 9 10 11 12 | 12.0
Conjurations   | 2 3 4 5 7 |  7.6
Long Blades    | 1 |  1.3
Dodging        | 2 3 |  3.2
Fighting       | 1 2 |  2.1
Armour         | 2 3 |  3.4
Shields        | 1 |  1.8
Stealth        | |  1.7

Action                   |  1- 3 |  4- 6 |  7- 9 | 10-12 || total
-------------------------+-------+-------+-------+-------++-------
Melee: Long sword        |       |    48 |     1 |     7 ||    56
       Headbutt          |       |       |       |     2 ||     2
 Cast: Foxfire           |    69 |    96 |   181 |   234 ||   580
       Scorch            |       |    29 |    64 |    98 ||   191
       Flame Wave        |       |       |     1 |     8 ||     9
       Magic Dart        |       |       |     1 |     3 ||     4
       Fireball          |       |       |       |    19 ||    19
       Momentum Strike   |       |       |       |     1 ||     1
  Use: Scroll            |       |       |    26 |     1 ||    27
       Potion            |       |       |       |     6 ||     6
Armor: Robe              |     1 |     7 |     2 |       ||    10
       Leather armour    |       |       |     8 |    28 ||    36
Dodge: Dodged            |     4 |    30 |    18 |    61 ||   113
Block: Other             |     1 |     9 |     7 |    20 ||    37

Table legend: (Time is in decaauts)
 A = Elapsed time spent in this place.
 B = Non-inter-level travel time spent in this place.
 C = Inter-level travel time spent in this place.
 D = Time resting spent in this place.
 E = Time spent auto-exploring this place.
 F = Levels seen in this place.
 G = Mean time per level.
                   A        B        C        D        E       F      G
               +--------+--------+--------+--------+--------+-----+--------+
         Total |  12335 |  11385 |    950 |    373 |   9135 |  15 |  822.3 |
       Dungeon |   8946 |   8116 |    830 |    362 |   6407 |   9 |  994.0 |
        Temple |     46 |     36 |     10 |      0 |     27 |   1 |   46.0 |
          Lair |   3342 |   3234 |    108 |     11 |   2701 |   5 |  668.4 |
               +--------+--------+--------+--------+--------+-----+--------+

Top non-repeatable levels by time:
     D:3: 1495 daAuts
     D:5: 1473 daAuts
     D:8: 1372 daAuts
  Lair:2: 1135 daAuts
     D:6: 1063 daAuts
  Lair:3: 1040 daAuts
     D:4: 1023 daAuts
  Lair:1: 1003 daAuts
     D:1: 836 daAuts
     D:7: 812 daAuts
     D:2: 519 daAuts
     D:9: 348 daAuts
  Lair:5: 144 daAuts
  Temple: 46 daAuts
  Lair:4: 19 daAuts
